 Dungeon Crawl Stone Soup version 0.31-a0-257-gf185e81a89 (webtiles) character file.

Game seed: 10900084521576641311

203 qw the Shooter (level 5, -3/45 HPs)
             Began as a Minotaur Hexslinger on July 12, 2023.
             Slain by an orc
             ... wielding a +0 trident
              (7 damage)
             ... on level 4 of the Dungeon.
             The game lasted 00:00:48 (2093 turns).

qw the Shooter (Minotaur Hexslinger)                Turns: 2093, Time: 00:00:48

Health: -3/45      AC:  3    Str: 19    XL:     5   Next: 51%
Magic:  5/5        EV: 12    Int: 10    God:
Gold:   86         SH:  0    Dex: 17    Spells: 5/6 levels left

rFire   . . .        Y - +1 sling
rCold   + + +        (no shield)
rNeg    . . .        b - +0 leather armour of Lifelessness {+Inv rC+++ Dex+3 Slay-2}
rPois   .            (helmet restricted)
rElec   .            (no cloak)
rCorr   .            (no gloves)
SInv    .            (no boots)
Will    .....        (no amulet)
Stlth   +            j - +6 ring of strength
HPRegen 0.27/turn    (no ring)
MPRegen 0.09/turn

%: no passive effects
@: no status effects
A: horns 2, retaliatory headbutt
a: Evoke Invisibility


You were on level 4 of the Dungeon.
You visited 1 branch of the dungeon, and saw 6 of its levels.

You collected 86 gold pieces.


Innate Abilities, Weirdness & Mutations

You have a pair of horns on your head.
You reflexively headbutt those who attack you in melee.


   Skills:
 - Level 3.3 Fighting
 + Level 5.6 Ranged Weapons
 - Level 2.1 Dodging
 - Level 1.0 Spellcasting
 - Level 2.0 Hexes


You had 5 spell levels left.
You knew the following spells:

 Your Spells              Type           Power      Damage    Failure   Level
a - Slow                  Hex            16%        N/A       19%         1

Your spell library contained the following spells:

 Spells                   Type           Power      Damage    Failure   Level
 Inner Flame              Hex/Fire       2%         N/A       63%         3
 Portal Projectile        Hex/Tloc       4%         N/A       63%         3
 Cause Fear               Hex            2%         N/A       87%         4

Inventory:

Hand Weapons
 Y - a +1 sling (weapon)
Armour
 b - the +0 leather armour of Lifelessness (worn) {+Inv rC+++ Dex+3 Slay-2}
   (You found it on level 3 of the Dungeon)

   Dex:       It affects your dexterity (+3).
   Slay:      It affects your accuracy & damage with ranged weapons and melee
   (-2).
   rC:        It renders you almost immune to cold.
   +Inv:      It lets you turn invisible.
Jewellery
 j - a +6 ring of strength (left hand)
Potions
 d - a potion of attraction {unknown}
 e - a potion of brilliance {unknown}
 g - a potion of mutation {unknown}
 h - a potion of resistance {unknown}
 k - a potion of haste {unknown}
 l - a potion of heal wounds {unknown}

Dungeon Overview and Level Annotations

Branches:
Dungeon (6/15)
 Temple: D:4-7

Altars:
Xom

Annotations:
D:4 Ijyb


Message History

You shoot a sling bullet.
The sling bullet closely misses the orc.
Something hits you. The orc barely misses you.
You shoot a sling bullet. The sling bullet barely misses the orc.
The orc barely misses you. Something hits you.
You shoot a sling bullet. The sling bullet barely misses the orc.
Your surroundings suddenly seem different.
Found a scroll labelled XEUPIFFODA and 23 gold pieces.
Found a stone staircase leading down.
Autopickup is now on.
You start resting.
An orc wizard is nearby!
You shoot a sling bullet.
The sling bullet hits the orc wizard but does no damage.
You shoot a sling bullet.
The sling bullet barely misses the orc wizard.
You shoot a sling bullet. The sling bullet hits the orc wizard.
The orc wizard is lightly wounded.
You shoot a sling bullet. The orc shouts!
The sling bullet hits the orc wizard.
The orc wizard is moderately wounded.
The orc wizard gestures at you while chanting.
The magic dart hits you!
You shoot a sling bullet.
The sling bullet closely misses the orc wizard.
You shoot a sling bullet.
The sling bullet hits the orc but does no damage.
The orc is lightly wounded.
You shoot a sling bullet. The sling bullet barely misses the orc.
The orc hits you from afar with a +0 trident.
You shoot a sling bullet.
The sling bullet hits the orc but does no damage.
The orc is lightly wounded.
The orc misses you.
You shoot a sling bullet.
The sling bullet closely misses the orc.
The orc closely misses you.
The orc hits you from afar with a +0 trident!
You die...

...$..
......
...>..
......#
#...?..
#.....##
#......##
#....@.#
#....#....#
#..o. ....#
#....
##.$... #
......
..... #.
##.....
##.# ##.
##...# #
.... #...
#.. #..


You could see an orc.

Vanquished Creatures
  2 hounds
  Jessica (D:2)
  4 adders
  A gnoll (D:1)
  A dart slug (D:2)
  4 orcs
  6 bats
  3 endoplasms
  3 giant cockroaches (D:1)
  10 goblins
  3 hobgoblins (D:2)
  4 jackals (D:1)
  4 kobolds (D:1)
  3 quokkas
  3 ball pythons
  3 frilled lizards
  10 rats (D:2)
65 creatures vanquished.

Notes
Turn   | Place    | Note
-------+----------+-------------------------------------------
     0 | D:1      | qw the Minotaur Hexslinger began the quest for the Orb.
     0 | D:1      | Reached XP level 1. HP: 16/16 MP: 1/1
     0 | D:1      | 0 ||| qw: Version: 0.3-a-52-g30416fa
     0 | D:1      | 0 ||| qw: Game counter: 6815
     0 | D:1      | 0 ||| qw: Melee chars always use a shield: true
     0 | D:1      | 0 ||| qw: God list: Okawaru
     0 | D:1      | 0 ||| qw: Allow faded altars: false
     0 | D:1      | 0 ||| qw: Do Orc after clearing Dungeon:15 true
     0 | D:1      | 0 ||| qw: Do second Lair branch before Depths: true
     0 | D:1      | 0 ||| qw: Lair rune preference: random
     0 | D:1      | 0 ||| qw: Goals: Normal
     0 | D:1      | 0 ||| PLANNING D:1-11
    36 | D:1      | Reached skill level 3 in Ranged Weapons
    36 | D:1      | Reached XP level 2. HP: 23/23 MP: 2/2
   498 | D:1      | Reached XP level 3. HP: 29/29 MP: 3/3
   805 | D:1      | 805 ||| DROPPING scroll of poison.
   897 | D:2      | Reached skill level 4 in Ranged Weapons
   904 | D:2      | Noticed Jessica
   909 | D:2      | Killed Jessica
   910 | D:2      | Reached XP level 4. HP: 35/36 MP: 4/4
  1121 | D:2      | Found a shimmering altar of Xom.
  1214 | D:2      | Reached skill level 5 in Ranged Weapons
  1474 | D:2      | 1474 ||| UPGRADING to +6 ring of strength.
  1475 | D:2      | 1475 ||| READING 2 scrolls labelled ZUFEZU NOV OST.
  1478 | D:2      | 1478 ||| READING scroll labelled LISYUNT ILOKK.
  1579 | D:2      | 1579 ||| READING scroll labelled DASHRA ACUE.
  1580 | D:2      | 1580 ||| READING scroll labelled IZIGI JI JAWUCW.
  1615 | D:3      | Found a faded altar of an unknown god.
  1659 | D:3      | Identified the +0 leather armour of Lifelessness {+Inv
                  | rC+++ Dex+3 Slay-2}
  1662 | D:3      | You fall into a shaft and drop 3 floors!
  1723 | D:6      | 1723 ||| UPGRADING to +0 leather armour of Lifelessness
                  | {+Inv rC+++ Dex+3 Slay-2}.
  1733 | D:6      | 1733 ||| DROPPING +0 robe.
  1742 | D:5      | Entered Level 5 of the Dungeon
  1776 | D:5      | Reached skill level 3 in Fighting
  1776 | D:5      | Reached XP level 5. HP: 30/45 MP: 5/5
  1864 | D:4      | Noticed Ijyb
  1878 | D:4      | HP: 11/45 [Ijyb/puff of flame (6)]
  1879 | D:4      | 1879 ||| READING 2 scrolls of teleportation.
  2056 | D:4      | HP: 11/45 [orc/+0 trident (3)]
  2057 | D:4      | 2057 ||| READING scroll of teleportation.
  2088 | D:4      | HP: 7/45 [orc wizard/magic dart (8)]
  2091 | D:4      | HP: 3/45 [orc/+0 trident (5)]
  2093 | D:4      | Slain by an orc

Levels and vault maps discovered:
D:1:      matt_arrival_diagonals, layout_loops_corners, hangedman_feature_mirror
D:2:      layout_basic, basic_altar, minmay_rat_gold_closets, uniq_jessica
D:3:      layout_loops_cross, ebering_ecumenical_altar_abandoned,
          dk_noncrumbling_2
D:4:      layout_rooms, uniq_ijyb
D:5:      layout_loops_ring
D:6:      kennysheep_housing_project, layout_loops_ring, serial_shops,
          nicolae_shop_drivethru, uniq_grinder

Skill      XL: |  1  2  3  4 |
---------------+-------------+-----
Ranged Weapons | 3 4 5 |  5.6
Fighting       | 2 3 |  3.3
Dodging        | |  2.1
Spellcasting   | |  1.0
Hexes          | |  2.0

Action                     |  1- 3 |  4- 6 || total
---------------------------+-------+-------++-------
   Fire: Sling             |    78 |   121 ||   199
    Use: Scroll            |       |     6 ||     6
 Armour: Robe              |     5 |     2 ||     7
         Leather armour    |       |    13 ||    13
  Dodge: Dodged            |    22 |    75 ||    97

Table legend:
 A = Non-vault XP
 B = Vault XP
 C = Vault XP percentage of total XP
 D = Non-vault monster count
 E = Vault monster count
 F = Vault count percentage of total count
                 A         B        C        D         E       F
            +---------+---------+-------+---------+---------+-------
      Total |     244 |      46 |  15.9 |      55 |      10 |  15.4
            +---------+---------+-------+---------+---------+-------
        D:1 |      58 |       0 |   0.0 |      25 |       0 |   0.0
        D:2 |      56 |      46 |  45.1 |      18 |      10 |  35.7
        D:3 |       5 |       0 |   0.0 |       2 |       0 |   0.0
        D:4 |      85 |       0 |   0.0 |       9 |       0 |   0.0
        D:5 |      40 |       0 |   0.0 |       1 |       0 |   0.0
            +---------+---------+-------+---------+---------+-------
